 Dungeon Crawl Stone Soup version 0.28.0-53-g5a82cb258f (webtiles) character file.

Game seed: 4363953698505866181

31 Revguard the Cutter (level 3, -4/27 HPs)
             Began as a Demonspawn Gladiator on June 15, 2022.
             Slain by Terence
             ... wielding a +4 flail
              (13 damage)
             ... on level 2 of the Dungeon.
             The game lasted 00:02:31 (1197 turns).

Revguard the Cutter (Demonspawn Gladiator)          Turns: 1197, Time: 00:02:32

Health: -4/27      AC:  4    Str: 14    XL:     3   Next: 7%
Magic:  3/3        EV: 12    Int:  9    God:
Gold:   38         SH:  5    Dex: 16    Spells: 2/2 levels left

rFire   . . .      SeeInvis .   a - +0 rapier
rCold   . . .      Faith    .   (no shield)
rNeg    . . .      Spirit   .   b - +0 leather armour
rPois   .          Reflect  +   c - +0 helmet
rElec   .          Harm     .   (no cloak)
rCorr   .          Rampage  .   (no gloves)
Will    .....                   (no boots)
Stlth   +.........              g - amulet of reflection
HPRegen 0.09/turn               (no ring)
MPRegen 0.08/turn               (no ring)

@: no status effects
A: demonic guardian 1
a: no special abilities


You were on level 2 of the Dungeon.
You visited 1 branch of the dungeon, and saw 2 of its levels.

You collected 38 gold pieces.

Inventory:

Hand Weapons
 a - a +0 rapier (weapon)
Armour
 b - a +0 leather armour (worn)
 c - a +0 helmet (worn)
Jewellery
 e - a ring of magical power
 g - an amulet of reflection (around neck)
Scrolls
 h - a scroll of noise {unknown}
Potions
 f - a potion of heal wounds {unknown}


   Skills:
 + Level 2.1 Fighting
 * Level 3.0 Short Blades
 + Level 2.0 Throwing
 + Level 0.5 Armour
 * Level 3.0 Dodging
 + Level 0.0 Stealth
 + Level 1.0 Invocations


You had 2 spell levels left.
You didn't know any spells.
Your spell library was empty.

Dungeon Overview and Level Annotations

Branches:
Dungeon (2/15)

Altars:

Annotations:
D:2 Terence


Innate Abilities, Weirdness & Mutations

A weak demonic guardian rushes to your aid.


Message History

Throw: 2 throwing nets
Press: ? - help, Q - select action Shift-Dir - straight line, f/p - Terence
Aim: Terence, wielding a +4 flail and wearing a +0 chain mail (69% to hit)
You throw a throwing net. The throwing net hits Terence.
Terence is caught in the net!
Terence struggles against the net.
You hit Terence but do no damage.
Terence struggles against the net.
You barely miss Terence.
Terence struggles against the net.
You hit Terence.
Terence is lightly wounded.
Terence shouts, "ATTACK!!!"
Terence struggles against the net.
You strike the helpless Terence from behind!
You hit Terence.
Terence is moderately wounded.
Terence struggles against the net.
You catch the helpless Terence completely off-guard!
You hit Terence.
Terence is heavily wounded.
Terence drinks a potion.
Terence is healed!
Terence struggles against the net.
The net rips apart, and Terence comes free!
You hit Terence but do no damage.
Terence is moderately wounded.
You barely miss Terence.
Terence is moderately wounded.
Terence hits you with a +4 flail!
You hit Terence but do no damage.
Terence is moderately wounded.
Terence barely misses you.
You barely miss Terence.
Terence is moderately wounded.
Terence hits you with a +4 flail!
Throw: throwing net
Press: ? - help, Q - select action Shift-Dir - straight line, f/p - Terence
Aim: Terence, wielding a +4 flail and wearing a +0 chain mail (moderately wounded, 69% to hit)
You throw a throwing net. The throwing net barely misses Terence.
The throwing net hits the goblin.
The goblin is caught in the net!
Terence hits you with a +4 flail!
You die...

.......#..........#
......##..........#
......#######.#########
..........##..........#
..<...................#
....>###.............#
.....######..........#
.........######.######
......##(..g@@..#
...........######
.............##
..............#
...######.###.#
########...###
...........#
##########.# #.#


You could see Terence and a goblin (caught).

Vanquished Creatures
  4 ball pythons (D:1)
  3 bats (D:1)
  5 endoplasms (D:1)
  A giant cockroach (D:2)
  2 goblins (D:1)
  4 hobgoblins (D:1)
  A frilled lizard (D:1)
  4 kobolds (D:1)
  2 rats (D:1)
26 creatures vanquished.

Vanquished Creatures (collateral kills)
  An endoplasm (D:1)
1 creature vanquished.

Grand Total: 27 creatures vanquished

Notes
Turn   | Place    | Note
-------+----------+-------------------------------------------
     0 | D:1      | Revguard the Demonspawn Gladiator began the quest for the
                  | Orb.
     0 | D:1      | Reached XP level 1. HP: 16/16 MP: 1/1
     3 | D:1      | Found a faded altar of an unknown god.
   102 | D:1      | Gained mutation: A weak demonic guardian rushes to your
                  | aid. [demonic ancestry]
   102 | D:1      | Reached XP level 2. HP: 13/22 MP: 2/2
   886 | D:1      | Reached skill level 1 in Invocations
  1026 | D:1      | Reached XP level 3. HP: 24/27 MP: 3/3
  1176 | D:2      | Noticed Terence
  1197 | D:2      | Slain by Terence

Illustrated notes

Levels and vault maps discovered:
D:1:      scummos_arrival_checkerplants, layout_loops_cross,
          chequers_ecumenical_altar_simple, chequers_decorated_corner
D:2:      layout_rooms, minmay_nonomino_d4, uniq_terence

Skill      XL: |  1  2 |
---------------+-------+-----
Short Blades   | 3 |  3.0
Invocations    | 1 |  1.0
Dodging        | 3 |  3.0
Throwing       | 2 |  2.0
Fighting       | |  2.1
Armour         | |  0.5

Action                   || total
-------------------------++-------
Melee: Rapier            ||    86
       Punch             ||     1
Throw: Throwing net      ||     3
 Stab: Sleeping          ||     1
       Held in net/web   ||     2
Armor: Leather armour    ||    31
Dodge: Dodged            ||    52
Block: Other             ||    18
